TOP OF THE 1ST |
Bishop Verot HS batting - Pitching for Bishop Gorman HS Balbasaurs : RHP Tom Newton
|
Pitching: RHP Tom Newton
|
|
Batting: LHB Jim Hall
|
0-0: Foul Ball, location: 2F 0-1: Ball 1-1: Ball 2-1: Ball 3-1: Foul Ball, location: 2F 3-2: Foul Ball, location: 2F 3-2: Base on Balls
|
Batting: RHB Chris Seals
|
0-0: Called Strike Jim Hall is caught stealing 2nd base 0-1: Ball 1-1: SINGLE (Line Drive, 8LS)
|
Batting: LHB Mitch Morales
|
0-0: Ball 1-0: Ball 2-0: Foul Ball, location: 2F 2-1: Called Strike 2-2: Foul Ball, location: 2F 2-2: Ball 3-2: 2-RUN HOME RUN (Flyball, 9D), Distance : 358 ft
|
Batting: RHB Bob Fitzgerald
|
0-0: SINGLE (Line Drive, 4M)
|
Batting: LHB Pedro Padilla
|
0-0: SINGLE (Groundball, 34D) Bob Fitzgerald to second Runner from 2nd tries for 3rd, OUT! Pedro Padilla to second
|
Batting: RHB Bill Ford
|
0-0: Ball 1-0: Ball 2-0: Ball 3-0: Base on Balls
|
Batting: RHB Carlos Sánchez
|
0-0: Called Strike 0-1: Fly out, F8 (Flyball, 8RS)
|
Top of the 1st over - 2 run(s), 4 hit(s), 0 error(s), 2 left on base; Bishop Verot HS 2 - Bishop Gorman HS 0 |
BOTTOM OF THE 1ST |
Bishop Gorman HS Balbasaurs batting - Pitching for Bishop Verot HS : RHP Tim Bennett
|
Pitching: RHP Tim Bennett
|
|
Batting: RHB Steve Murphy
|
0-0: SINGLE (Line Drive, 6MD)
|
Batting: RHB Jake Rutledge
|
0-0: Swinging Strike 0-1: Ball 1-1: Ball 2-1: Foul Ball, location: 2F 2-2: SINGLE (Line Drive, 34D) Steve Murphy to second
|
Batting: LHB Jean-Sébastien Beaudin
|
0-0: Called Strike 0-1: SINGLE (Flyball, 8RS) Steve Murphy to third Jake Rutledge to second Runner from 3rd tries for Home, SAFE, no throw or cutoff
|
Batting: RHB Max Kimball
|
0-0: SINGLE (Groundball, 6MD) Jake Rutledge to third Jean-Sébastien Beaudin to second Runner from 3rd tries for Home, SAFE, throw made home Jean-Sébastien Beaudin to third Max Kimball to second
|
Batting: RHB Sidney Gilbert
|
0-0: Called Strike 0-1: Called Strike 0-2: Ball 1-2: Strikes out swinging
|
Batting: LHB Zhen-bang Rao
|
0-0: Foul Ball, location: 2F 0-1: Ball 1-1: Foul Ball, location: 2F 1-2: Foul Ball, location: 2F 1-2: Fly out, F8 (Flyball, 8LM) Runner from 3rd tags up, SCORES, no throw
|
Batting: RHB Ramón Chávez
|
0-0: Foul Ball, location: 2F 0-1: Foul Ball, location: 2F 0-2: Foul Ball, location: 2F 0-2: Hit by Pitch
|
Batting: RHB Mario Ramírez
|
0-0: Called Strike 0-1: Ball 1-1: Ball 2-1: SINGLE (Groundball, 56D) Max Kimball to third Ramón Chávez to second Runner from 3rd tries for Home, SAFE, throw made home
|
Batting: RHB Bryan Martínez
|
0-0: Called Strike 0-1: Ball 1-1: Ball 2-1: Ball 3-1: Base on Balls Ramón Chávez to third Mario Ramírez to second
|
Batting: RHB Steve Murphy
|
0-0: Ball 1-0: Foul Ball, location: 2F 1-1: Ground out 5-3 (Groundball, 5S)
|
Bottom of the 1st over - 4 run(s), 5 hit(s), 0 error(s), 3 left on base; Bishop Verot HS 2 - Bishop Gorman HS 4 |
TOP OF THE 2ND |
Bishop Verot HS batting - Pitching for Bishop Gorman HS Balbasaurs : RHP Tom Newton
|
Batting: RHB George Lutz
|
0-0: Swinging Strike 0-1: Ball 1-1: Swinging Strike 1-2: Strikes out swinging
|
Batting: RHB Carson Allen
|
0-0: Foul Ball, location: 2F 0-1: Ball 1-1: Foul Ball, location: 2F 1-2: Foul Ball, location: 2F 1-2: Strikes out swinging
|
Batting: LHB Jim Hall
|
0-0: SOLO HOME RUN (Line Drive, 89XD), Distance : 405 ft
|
Batting: RHB Chris Seals
|
0-0: SOLO HOME RUN (Flyball, 78XD), Distance : 396 ft
|
Batting: LHB Mitch Morales
|
0-0: Swinging Strike 0-1: Ball 1-1: Foul Ball, location: 2F 1-2: SINGLE (Line Drive, 78S)
|
Batting: RHB Bob Fitzgerald
|
0-0: Fly out, F7 (Line Drive, 7S)
|
Top of the 2nd over - 2 run(s), 3 hit(s), 0 error(s), 1 left on base; Bishop Verot HS 4 - Bishop Gorman HS 4 |
BOTTOM OF THE 2ND |
Bishop Gorman HS Balbasaurs batting - Pitching for Bishop Verot HS : RHP Tim Bennett
|
Batting: RHB Jake Rutledge
|
0-0: Ball 1-0: Swinging Strike 1-1: Ground out 6-3 (Groundball, 6)
|
Batting: LHB Jean-Sébastien Beaudin
|
0-0: Called Strike 0-1: Foul Ball, location: 2F 0-2: Ball 1-2: Strikes out swinging
|
Batting: RHB Max Kimball
|
0-0: Fly out, F5 (Line Drive, 5)
|
Bottom of the 2nd over - 0 run(s), 0 hit(s), 0 error(s), 0 left on base; Bishop Verot HS 4 - Bishop Gorman HS 4 |
TOP OF THE 3RD |
Bishop Verot HS batting - Pitching for Bishop Gorman HS Balbasaurs : RHP Tom Newton
|
Batting: LHB Pedro Padilla
|
0-0: Called Strike 0-1: Called Strike 0-2: Strikes out swinging
|
Batting: RHB Bill Ford
|
0-0: Called Strike 0-1: Foul Ball, location: 2F 0-2: Ball 1-2: Foul Ball, location: 2F 1-2: Ball 2-2: SINGLE (Line Drive, 8LS)
|
Batting: RHB Carlos Sánchez
|
0-0: Called Strike 0-1: Ball 1-1: Swinging Strike 1-2: Strikes out looking
|
Batting: RHB George Lutz
|
0-0: Ball 1-0: Foul Ball, location: 2F 1-1: Fly out, F3 (Popup, 3DF)
|
Top of the 3rd over - 0 run(s), 1 hit(s), 0 error(s), 1 left on base; Bishop Verot HS 4 - Bishop Gorman HS 4 |
BOTTOM OF THE 3RD |
Bishop Gorman HS Balbasaurs batting - Pitching for Bishop Verot HS : RHP Tim Bennett
|
Batting: RHB Sidney Gilbert
|
0-0: Called Strike 0-1: SINGLE (Line Drive, 34)
|
Batting: LHB Zhen-bang Rao
|
0-0: Called Strike 0-1: Foul Ball, location: 2F 0-2: Foul Ball, location: 2F 0-2: Foul Ball, location: 2F 0-2: Ball 1-2: SINGLE (Line Drive, 8LS) Sidney Gilbert to second
|
Batting: RHB Ramón Chávez
|
0-0: Ball 1-0: Ball 2-0: Ball 3-0: Called Strike 3-1: Base on Balls Sidney Gilbert to third Zhen-bang Rao to second
|
Batting: RHB Mario Ramírez
|
0-0: Called Strike 0-1: Ball 1-1: Ball 2-1: Called Strike 2-2: Fielders Choice at 3rd, U5 (Groundball, 5L) Sidney Gilbert scores Ramón Chávez to second
|
Batting: RHB Bryan Martínez
|
0-0: Ball 1-0: Called Strike 1-1: 3-RUN HOME RUN (Flyball, 89XD), Distance : 411 ft
|
Pitching: RHP Marcos Lozano
|
|
Batting: RHB Steve Murphy
|
0-0: Ball 1-0: Ball 2-0: Ball 3-0: Called Strike 3-1: SINGLE (Groundball, 56D)
|
Batting: RHB Jake Rutledge
|
0-0: Ball 1-0: Ball 2-0: Ball 3-0: Base on Balls Steve Murphy to second
|
Batting: LHB Jean-Sébastien Beaudin
|
0-0: Foul Ball, location: 2F 0-1: Swinging Strike 0-2: Ball 1-2: Foul Ball, location: 2F 1-2: Foul Ball, location: 2F 1-2: Ball 2-2: Fly out, F8 (Flyball, 8LM)
|
Batting: RHB Max Kimball
|
0-0: Reached on error, E6 (Groundball, 6) Steve Murphy to third Jake Rutledge to second
|
Batting: RHB Sidney Gilbert
|
0-0: Reached on error, E5 (Groundball, 56) Steve Murphy scores Jake Rutledge scores Max Kimball to third
|
Batting: LHB Zhen-bang Rao
|
0-0: Called Strike 0-1: Ball 1-1: Ball 2-1: Ball 3-1: Base on Balls
|
Batting: RHB Ramón Chávez
|
0-0: Foul Ball, location: 2F 0-1: Fielders Choice at 2nd, 6-4 (Groundball, 6)
|
Bottom of the 3rd over - 6 run(s), 4 hit(s), 2 error(s), 2 left on base; Bishop Verot HS 4 - Bishop Gorman HS 10 |
TOP OF THE 4TH |
Bishop Verot HS batting - Pitching for Bishop Gorman HS Balbasaurs : RHP Tom Newton
|
Batting: RHB Carson Allen
|
0-0: Foul Ball, location: 2F 0-1: Ball 1-1: Called Strike 1-2: Ball 2-2: Ball 3-2: Ground out 5-3 (Groundball, 56)
|
Batting: LHB Jim Hall
|
0-0: Called Strike 0-1: Called Strike 0-2: Foul Ball, location: 2F 0-2: Strikes out swinging
|
Batting: RHB Chris Seals
|
0-0: Called Strike 0-1: Swinging Strike 0-2: Ball 1-2: Ball 2-2: Strikes out swinging
|
Top of the 4th over - 0 run(s), 0 hit(s), 0 error(s), 0 left on base; Bishop Verot HS 4 - Bishop Gorman HS 10 |
BOTTOM OF THE 4TH |
Bishop Gorman HS Balbasaurs batting - Pitching for Bishop Verot HS : RHP Marcos Lozano
|
Batting: RHB Mario Ramírez
|
0-0: Called Strike 0-1: Ball 1-1: Called Strike 1-2: Foul Ball, location: 2F 1-2: Strikes out looking
|
Batting: RHB Bryan Martínez
|
0-0: Ball 1-0: Ball 2-0: Swinging Strike 2-1: Foul Ball, location: 2F 2-2: Ball 3-2: Base on Balls
|
Batting: RHB Steve Murphy
|
0-0: Called Strike 0-1: Ball 1-1: Called Strike 1-2: Fielders Choice at 2nd, 5-4 (Groundball, 56)
|
Batting: RHB Jake Rutledge
|
0-0: Ball 1-0: Ball 2-0: Called Strike 2-1: Ball 3-1: DOUBLE (Flyball, 8LM) Steve Murphy to third
|
Batting: LHB Jean-Sébastien Beaudin
|
0-0: Ball 1-0: Called Strike 1-1: Called Strike 1-2: Ball 2-2: Strikes out looking
|
Bottom of the 4th over - 0 run(s), 1 hit(s), 0 error(s), 2 left on base; Bishop Verot HS 4 - Bishop Gorman HS 10 |
TOP OF THE 5TH |
Bishop Verot HS batting - Pitching for Bishop Gorman HS Balbasaurs : RHP Tom Newton
|
Batting: LHB Mitch Morales
|
0-0: Fly out, F8 (Flyball, 8LM)
|
Batting: RHB Bob Fitzgerald
|
0-0: Ball 1-0: Ball 2-0: Ball 3-0: Called Strike 3-1: Called Strike 3-2: Ground out 6-3 (Groundball, 6)
|
Batting: LHB Pedro Padilla
|
0-0: Ball 1-0: Called Strike 1-1: Ball 2-1: Foul Ball, location: 2F 2-2: Strikes out swinging
|
Top of the 5th over - 0 run(s), 0 hit(s), 0 error(s), 0 left on base; Bishop Verot HS 4 - Bishop Gorman HS 10 |
BOTTOM OF THE 5TH |
Bishop Gorman HS Balbasaurs batting - Pitching for Bishop Verot HS : RHP Marcos Lozano
|
Batting: RHB Max Kimball
|
0-0: Ball 1-0: Called Strike 1-1: Swinging Strike 1-2: SINGLE (Line Drive, 78M)
|
Pitching: LHP Tommy Henderson
|
|
Batting: RHB Sidney Gilbert
|
0-0: Called Strike 0-1: Swinging Strike 0-2: SINGLE (Groundball, 56D) Max Kimball to second Max Kimball to third
|
Batting: LHB Zhen-bang Rao
|
0-0: Fly out, F8 (Line Drive, 8LS)
|
Batting: RHB Ramón Chávez
|
0-0: Ball 1-0: Swinging Strike 1-1: Ball 2-1: Called Strike 2-2: Ball 3-2: Grounds into double play, 6-4-3 (Groundball, 56)
|
Bottom of the 5th over - 0 run(s), 2 hit(s), 0 error(s), 1 left on base; Bishop Verot HS 4 - Bishop Gorman HS 10 |
TOP OF THE 6TH |
Bishop Verot HS batting - Pitching for Bishop Gorman HS Balbasaurs : RHP Tom Newton
|
Pitching: RHP Ronnie Couch
|
|
Batting: RHB Bill Ford
|
0-0: Called Strike 0-1: Ball 1-1: Ground out 6-3 (Groundball, 56D)
|
Batting: RHB Carlos Sánchez
|
0-0: Ground out 6-3 (Groundball, 6M)
|
Batting: RHB George Lutz
|
0-0: Called Strike 0-1: Swinging Strike 0-2: Ball 1-2: Foul Ball, location: 2F 1-2: Foul Ball, location: 2F 1-2: Ground out 1-3 (Groundball, 13)
|
Top of the 6th over - 0 run(s), 0 hit(s), 0 error(s), 0 left on base; Bishop Verot HS 4 - Bishop Gorman HS 10 |
BOTTOM OF THE 6TH |
Bishop Gorman HS Balbasaurs batting - Pitching for Bishop Verot HS : LHP Tommy Henderson
|
Batting: RHB Mario Ramírez
|
0-0: Ball 1-0: Fly out, F2 (Popup, 2LF)
|
Batting: RHB Bryan Martínez
|
0-0: SINGLE (Line Drive, 9S)
|
Batting: RHB Steve Murphy
|
0-0: Ball 1-0: Ball 2-0: Ball 3-0: Base on Balls Bryan Martínez to second
|
Batting: RHB Jake Rutledge
|
0-0: Called Strike 0-1: Ball 1-1: Foul Ball, location: 2F 1-2: Foul Ball, location: 2F 1-2: Strikes out swinging
|
Batting: LHB Jean-Sébastien Beaudin
|
0-0: Called Strike 0-1: Called Strike 0-2: Strikes out swinging
|
Bottom of the 6th over - 0 run(s), 1 hit(s), 0 error(s), 2 left on base; Bishop Verot HS 4 - Bishop Gorman HS 10 |
TOP OF THE 7TH |
Bishop Verot HS batting - Pitching for Bishop Gorman HS Balbasaurs : RHP Ronnie Couch
|
Batting: RHB Carson Allen
|
0-0: Ball 1-0: Called Strike 1-1: Foul Ball, location: 2F 1-2: Strikes out swinging
|
Batting: LHB Jim Hall
|
0-0: Ball 1-0: Called Strike 1-1: Ball 2-1: Ball 3-1: Foul Ball, location: 2F 3-2: Ground out 6-3 (Groundball, 6)
|
Batting: RHB Chris Seals
|
0-0: Ball 1-0: Called Strike 1-1: Foul Ball, location: 2F 1-2: Foul Ball, location: 2F 1-2: Ball 2-2: Foul Ball, location: 2F 2-2: Foul Ball, location: 2F 2-2: Ball 3-2: SINGLE (Groundball, 4M)
|
Batting: LHB Mitch Morales
|
0-0: Fielders Choice at 2nd, U6 (Groundball, 6M)
|
Top of the 7th over - 0 run(s), 1 hit(s), 0 error(s), 1 left on base; Bishop Verot HS 4 - Bishop Gorman HS 10 |
BOTTOM OF THE 7TH |
Bishop Gorman HS Balbasaurs batting - Pitching for Bishop Verot HS : LHP Tommy Henderson
|
Pitching: RHP Tim Randell
|
|
Batting: RHB Max Kimball
|
0-0: Ball 1-0: Ball 2-0: Ball 3-0: Base on Balls
|
Batting: RHB Sidney Gilbert
|
0-0: Ball 1-0: Called Strike 1-1: Called Strike 1-2: Strikes out swinging
|
Batting: LHB Zhen-bang Rao
|
0-0: Swinging Strike 0-1: Foul Ball, location: 2F 0-2: Foul Ball, location: 2F 0-2: Foul Ball, location: 2F 0-2: Ball 1-2: Strikes out swinging
|
Batting: RHB Ramón Chávez
|
0-0: Ball 1-0: Ball 2-0: Ground out 4-3 (Groundball, 4)
|
Bottom of the 7th over - 0 run(s), 0 hit(s), 0 error(s), 1 left on base; Bishop Verot HS 4 - Bishop Gorman HS 10 |
TOP OF THE 8TH |
Bishop Verot HS batting - Pitching for Bishop Gorman HS Balbasaurs : RHP Ronnie Couch
|
Pitching: RHP Keith Crabtree
|
|
Batting: RHB Bob Fitzgerald
|
0-0: Swinging Strike 0-1: Ball 1-1: Ball 2-1: Foul Ball, location: 2F 2-2: Fly out, F9 (Flyball, 9LS)
|
Batting: LHB Pedro Padilla
|
0-0: Called Strike 0-1: Called Strike 0-2: Ball 1-2: SINGLE (Groundball, 56D)
|
Batting: RHB Bill Ford
|
0-0: Ball 1-0: Foul Ball, location: 2F 1-1: Ball 2-1: Ball 3-1: Foul Ball, location: 2F 3-2: Strikes out swinging
|
Batting: RHB Carlos Sánchez
|
0-0: Foul Ball, location: 2F 0-1: Ball 1-1: Fly out, F9 (Flyball, 89S)
|
Top of the 8th over - 0 run(s), 1 hit(s), 0 error(s), 1 left on base; Bishop Verot HS 4 - Bishop Gorman HS 10 |
BOTTOM OF THE 8TH |
Bishop Gorman HS Balbasaurs batting - Pitching for Bishop Verot HS : RHP Tim Randell
|
Batting: RHB Mario Ramírez
|
0-0: Called Strike 0-1: Ground out 4-3 (Groundball, 4)
|
Batting: RHB Bryan Martínez
|
0-0: Ball 1-0: Called Strike 1-1: SINGLE (Groundball, 3L)
|
Batting: RHB Steve Murphy
|
0-0: Swinging Strike 0-1: Foul Ball, location: 2F 0-2: Ball 1-2: DOUBLE (Line Drive, 78M) Bryan Martínez to third
|
Batting: RHB Jake Rutledge
|
0-0: Called Strike 0-1: Ball 1-1: SINGLE (Line Drive, 6MD) Bryan Martínez scores Steve Murphy to third Runner from 3rd tries for Home, SAFE, throw made home
|
Batting: LHB Jean-Sébastien Beaudin
|
0-0: Foul Ball, location: 2F 0-1: Foul Ball, location: 2F 0-2: Strikes out looking
|
Batting: RHB Max Kimball
|
0-0: Ball 1-0: Ball 2-0: Ground out U3 (Groundball, 3)
|
Bottom of the 8th over - 2 run(s), 3 hit(s), 0 error(s), 1 left on base; Bishop Verot HS 4 - Bishop Gorman HS 12 |
TOP OF THE 9TH |
Bishop Verot HS batting - Pitching for Bishop Gorman HS Balbasaurs : RHP Keith Crabtree
|
Now at SS: Kent Bannatyne
|
|
Batting: RHB George Lutz
|
0-0: Ground out 1-3 (Groundball, 15)
|
Batting: RHB Carson Allen
|
0-0: Called Strike 0-1: SINGLE (Groundball, 5D)
|
Batting: LHB Jim Hall
|
0-0: Called Strike 0-1: Ball 1-1: Swinging Strike 1-2: Fly out, F7 (Flyball, 7M)
|
Batting: RHB Chris Seals
|
0-0: Ball 1-0: Ball 2-0: SINGLE (Groundball, 56) Carson Allen to second
|
Batting: LHB Mitch Morales
|
0-0: Called Strike 0-1: Foul Ball, location: 2F 0-2: Foul Ball, location: 2F 0-2: Ball 1-2: Strikes out swinging
|
Top of the 9th over - 0 run(s), 2 hit(s), 0 error(s), 2 left on base; Bishop Verot HS 4 - Bishop Gorman HS 12 |
|